Canucks vs Maple Leafs
Created - January 29, 2023 at 22:10
Goals
|
| Canucks |
1 |
2 |
0 |
3 |
| Maple Leafs |
2 |
2 |
4 |
8 |
|
Shots
|
| Canucks |
4 |
16 |
7 |
27 |
| Maple Leafs |
8 |
9 |
18 |
35 |
|
1st period
1. Maple Leafs , Brad Boyes 2 (Patrice Cormier 12, John Klingberg 20) at 10:22
2. Maple Leafs , Andre Burakovsky 17 (Bo Horvat 15, Chris Tierney 12) at 15:42
3. Canucks , Marcus Johansson 15 (Derick Brassard 19, Hampus Lindholm 20) at 18:29 (PP)
Penalties :
Derick Brassard (Van) for Holding (Minor) at 7:23, Brad Boyes (TOR) for Elbowing (Minor) at 17:26
2nd period
4. Canucks , Derick Brassard 18 (Ben Lovejoy 5, Marcus Johansson 19) at 2:28
5. Maple Leafs , Jon Merrill 3 (Andre Burakovsky 21) at 4:47
6. Canucks , Artemi Panarin 15 (Robert Nilsson 24, Ben Lovejoy 6) at 6:58
7. Maple Leafs , Bo Horvat 4 (Andre Burakovsky 22, Jon Merrill 7) at 18:05
Penalties :
Marcus Johansson (Van) for Hooking (Minor) at 19:03
3rd period
8. Maple Leafs , John Klingberg 5 (Bo Horvat 16, Andre Burakovsky 23) at 6:52 (PP)
9. Maple Leafs , Matt Duchene 20 (Claude Giroux 22, John Klingberg 21) at 10:58 (PP)
10. Maple Leafs , Tye McGinn 8 (Zach Werenski 13, Braydon Coburn 7) at 11:44
11. Maple Leafs , Bo Horvat 5 (Andre Burakovsky 24) at 17:52
Penalties :
Ben Lovejoy (Van) for Hooking (Minor) at 5:18, Tyler Myers (Van) for Holding (Minor) at 10:43
Goalie Stats
Alexandar Georgiev (Van), 17 saves from 22 shots - (0.773), L, 12-18-2, 46:52 minutes
Matt Hackett (Van), 10 saves from 13 shots - (0.769), 13:08 minutes
Kristers Gudlevskis (TOR), 24 saves from 27 shots - (0.889), W, 21-7-1, 60:00 minutes
Players Stats for Canucks
Player Name G A P +/- PIM S H SB GA TA FO MP PP MP PK MP
------------------------------------------------------------------------------------
Andreas Martinsen 0 0 0 -2 0 1 0 0 0 0 0/0 8:52 0:00 0:17
Artemi Panarin 1 0 1 -2 0 3 1 0 1 0 4/8 22:01 0:24 3:22
Ben Lovejoy 0 2 2 -1 2 1 0 1 0 0 0/0 12:27 0:00 0:00
Ben Smith 0 0 0 -2 0 1 3 2 0 0 1/2 20:54 0:24 2:08
Brandon Burlon 0 0 0 -1 0 1 0 1 0 0 0/0 12:43 0:00 0:15
Brandon Gormley 0 0 0 -3 0 0 2 2 0 0 0/0 19:38 0:00 2:16
Derick Brassard 1 1 2 0 2 4 0 0 1 0 7/14 16:35 0:39 1:24
Gilbert Brule 0 0 0 0 0 4 0 0 0 0 3/9 12:19 0:00 0:26
Hampus Lindholm 0 1 1 0 0 4 3 2 0 2 0/0 27:54 1:03 3:31
Jeremy Morin 0 0 0 0 0 0 3 0 0 0 0/0 15:05 0:39 0:00
Josh Bailey 0 0 0 -2 0 1 1 1 0 0 0/0 8:35 0:00 0:00
Marcus Johansson 1 1 2 0 2 1 2 0 0 0 0/0 15:05 0:39 0:00
Maxim Talbot 0 0 0 -2 0 1 1 0 0 0 4/5 8:35 0:00 0:00
Michael Kostka 0 0 0 -3 0 0 0 2 0 1 0/0 19:38 0:00 2:16
Nick Ritchie 0 0 0 0 0 1 0 0 1 0 0/0 12:22 0:00 0:35
Robert Nilsson 0 1 1 -2 0 1 2 2 0 0 16/31 22:01 0:24 3:22
Sam Gagner 0 0 0 0 0 2 1 0 0 1 0/0 11:47 0:00 0:00
Tyler Myers 0 0 0 0 2 1 0 2 0 1 0/0 27:38 1:03 3:16
Players Stats for Maple Leafs
Player Name G A P +/- PIM S H SB GA TA FO MP PP MP PK MP
------------------------------------------------------------------------------------
Andre Burakovsky 1 4 5 4 0 6 3 0 0 0 1/1 17:56 3:00 0:00
Bo Horvat 2 2 4 4 0 3 2 0 0 0 9/17 18:17 3:00 0:21
Brad Boyes 1 0 1 2 2 2 1 0 0 0 1/1 11:41 0:00 0:00
Brandon Saad 0 0 0 0 0 1 0 0 0 1 0/0 7:09 0:00 0:13
Brayden Schenn 0 0 0 -2 0 1 0 1 0 0 19/36 22:31 2:47 0:08
Braydon Coburn 0 1 1 0 0 0 0 0 0 0 0/0 19:50 1:21 0:31
Chris Tierney 0 1 1 5 0 0 0 2 0 0 0/0 15:26 0:00 0:00
Claude Giroux 0 1 1 -2 0 3 1 0 2 0 1/6 23:05 2:47 0:42
Haydn Fleury 0 0 0 1 0 0 0 0 0 0 0/0 11:50 0:00 0:00
John Klingberg 1 2 3 3 0 4 1 2 0 0 0/0 28:20 4:26 0:32
Jon Merrill 1 1 2 3 0 1 0 0 2 1 0/0 28:20 4:26 0:32
Luke Adam 0 0 0 0 0 0 2 0 0 0 1/3 6:56 0:00 0:00
Matt Duchene 1 0 1 -2 0 3 2 1 0 0 0/0 23:05 2:47 0:42
Neal Pionk 0 0 0 1 0 1 0 0 0 0 0/0 11:50 0:00 0:00
Patrice Cormier 0 1 1 2 0 3 1 1 0 0 2/4 11:42 0:00 0:00
Pontus Aberg 0 0 0 0 0 2 3 0 0 0 0/0 6:56 0:00 0:00
Tye McGinn 1 0 1 1 0 4 1 0 1 0 0/1 14:12 3:00 0:00
Zach Werenski 0 1 1 0 0 1 0 0 0 1 0/0 19:50 1:21 0:31
3 Stars
1 - Andre Burakovsky (TOR)
2 - Bo Horvat (TOR)
3 - John Klingberg (TOR)
Power Play
Canucks - 1 on 1 Attempt(s) - 100.00%
Maple Leafs - 2 on 4 Attempt(s) - 50.00%
Penalty Kill
Canucks - 2 on 4 Attempt(s) - 50.00%
- Score 0 goal in Penalty Kill
Maple Leafs - 0 on 1 Attempt(s) - 0.00%
- Score 0 goal in Penalty Kill
Team Stat
Canucks - Hits : 19 - Faceoff Wins : 35 - Blocked Shots : 15 - Penalty Minutes : 8
Maple Leafs - Hits : 17 - Faceoff Wins : 34 - Blocked Shots : 7 - Penalty Minutes : 2
Official
Referees : Kendrick Nicholson and Graham Skilliter
Linesman : Greg Devorski and James Tobias
Game Notes
Matt Hackett enters game at 6:52 of 3rd period
Finance
Level 1 -- Attendance: 5340 (89.00%) -- Ticket Income $534,000
Level 2 -- Attendance: 4615 (92.30%) -- Ticket Income $276,900
Level 3 -- Attendance: 1923 (96.15%) -- Ticket Income $67,305
Level 4 -- Attendance: 3810 (95.25%) -- Ticket Income $95,250
Luxury Box -- Attendance: 1000 (100.00%) -- Ticket Income $200,000
Game was played at the Scotiabank Arena.
Total Attendance: 16688 (92.71%)
Total Ticket Income: $1,173,455
Other Income: $176,018
Total Income: $1,349,473
Canucks
5 vs 5 Forward
Center Left Wing Right Wing Time % Phy DF OF
1 Robert Nilsson Artemi Panarin Ben Smith 40 1 2 2
2 Derick Brassard Jeremy Morin Marcus Johansson 30 1 2 2
3 Gilbert Brule Nick Ritchie Sam Gagner 20 1 2 2
4 Maxim Talbot Andreas Martinsen Josh Bailey 10 1 2 2
5 vs 5 Defense
Defense Defense Time % Phy DF OF
1 Tyler Myers Hampus Lindholm 40 1 2 2
2 Michael Kostka Brandon Gormley 30 1 2 2
3 Ben Lovejoy Brandon Burlon 20 1 2 2
4 Tyler Myers Hampus Lindholm 10 1 2 2
PowerPlay Forward
Center Left Wing Right Wing Time % Phy DF OF
1 Robert Nilsson Artemi Panarin Ben Smith 60 1 2 2
2 Derick Brassard Jeremy Morin Marcus Johansson 40 1 2 2
PowerPlay Defense
Defense Defense Time % Phy DF OF
1 Tyler Myers Hampus Lindholm 60 1 2 2
2 Michael Kostka Brandon Gormley 40 1 2 2
Penalty Kill 4 Players Forward
Center Wing Time % Phy DF OF
1 Artemi Panarin Robert Nilsson 60 1 2 2
2 Derick Brassard Ben Smith 40 1 2 2
Penalty Kill 4 Players Defense
Defense Defense Time % Phy DF OF
1 Tyler Myers Hampus Lindholm 60 1 2 2
2 Michael Kostka Brandon Gormley 40 1 2 2
Penalty Kill - 3 Players Forward
Forward Time % Phy DF OF
1 Artemi Panarin 60 1 2 2
2 Robert Nilsson 40 1 2 2
Penalty Kill - 3 Players Defense
Defense Defense Time % Phy DF OF
1 Tyler Myers Hampus Lindholm 60 1 2 2
2 Michael Kostka Brandon Gormley 40 1 2 2
4 vs 4 Forward
Center Wing Time % Phy DF OF
1 Artemi Panarin Robert Nilsson 60 1 2 2
2 Derick Brassard Ben Smith 40 1 2 2
4 vs 4 Defense
Defense Defense Time % Phy DF OF
1 Tyler Myers Hampus Lindholm 60 1 2 2
2 Michael Kostka Brandon Gormley 40 1 2 2
Last Minutes Offensive
Center Left Wing Right Wing Defense Defense
Robert Nilsson Artemi Panarin Ben Smith Tyler Myers Hampus Lindholm
Last Minutes Defensive
Center Left Wing Right Wing Defense Defense
Robert Nilsson Artemi Panarin Ben Smith Tyler Myers Hampus Lindholm
Goaltenders
Starting : Alexandar Georgiev
Backup : Matt Hackett
Extra Forwards
Normal : Gilbert Brule, Sam Gagner, Nick Ritchie - PP : Gilbert Brule, Sam Gagner - PK : Nick Ritchie
Extra Defensemen
Normal : Ben Lovejoy, Brandon Burlon, Michael Kostka - PP : Ben Lovejoy - PK : Brandon Burlon, Michael Kostka
Penalty Shots
Artemi Panarin, Robert Nilsson, Derick Brassard, Ben Smith, Marcus Johansson
Scratches
Josh Gorges (Healthy)
Maple Leafs
5 vs 5 Forward
Center Left Wing Right Wing Time % Phy DF OF
1 Brayden Schenn Claude Giroux Matt Duchene 40 1 2 2
2 Bo Horvat Chris Tierney Andre Burakovsky 30 1 2 2
3 Patrice Cormier Tye McGinn Brad Boyes 20 1 2 2
4 Luke Adam Brandon Saad Pontus Aberg 10 1 2 2
5 vs 5 Defense
Defense Defense Time % Phy DF OF
1 Jon Merrill John Klingberg 40 1 2 2
2 Zach Werenski Braydon Coburn 30 1 2 2
3 Haydn Fleury Neal Pionk 20 1 2 2
4 Jon Merrill John Klingberg 10 1 2 2
PowerPlay Forward
Center Left Wing Right Wing Time % Phy DF OF
1 Brayden Schenn Claude Giroux Matt Duchene 60 1 2 2
2 Bo Horvat Tye McGinn Andre Burakovsky 40 1 2 2
PowerPlay Defense
Defense Defense Time % Phy DF OF
1 Jon Merrill John Klingberg 60 1 2 2
2 Zach Werenski Braydon Coburn 40 1 2 2
Penalty Kill 4 Players Forward
Center Wing Time % Phy DF OF
1 Claude Giroux Matt Duchene 60 1 2 2
2 Brayden Schenn Bo Horvat 40 1 2 2
Penalty Kill 4 Players Defense
Defense Defense Time % Phy DF OF
1 Jon Merrill John Klingberg 60 1 2 2
2 Zach Werenski Braydon Coburn 40 1 2 2
Penalty Kill - 3 Players Forward
Forward Time % Phy DF OF
1 Claude Giroux 60 1 2 2
2 Matt Duchene 40 1 2 2
Penalty Kill - 3 Players Defense
Defense Defense Time % Phy DF OF
1 Jon Merrill John Klingberg 60 1 2 2
2 Zach Werenski Braydon Coburn 40 1 2 2
4 vs 4 Forward
Center Wing Time % Phy DF OF
1 Claude Giroux Matt Duchene 60 1 2 2
2 Brayden Schenn Bo Horvat 40 1 2 2
4 vs 4 Defense
Defense Defense Time % Phy DF OF
1 Jon Merrill John Klingberg 60 1 2 2
2 Zach Werenski Braydon Coburn 40 1 2 2
Last Minutes Offensive
Center Left Wing Right Wing Defense Defense
Brayden Schenn Claude Giroux Matt Duchene Jon Merrill John Klingberg
Last Minutes Defensive
Center Left Wing Right Wing Defense Defense
Brayden Schenn Claude Giroux Matt Duchene Jon Merrill John Klingberg
Goaltenders
Starting : Kristers Gudlevskis
Backup : Martin Jones
Extra Forwards
Normal : Chris Tierney, Brandon Saad, Brad Boyes - PP : Chris Tierney, Brandon Saad - PK : Brad Boyes
Extra Defensemen
Normal : Haydn Fleury, Neal Pionk, Zach Werenski - PP : Haydn Fleury - PK : Neal Pionk, Zach Werenski
Penalty Shots
Claude Giroux, Matt Duchene, Brayden Schenn, Bo Horvat, Tye McGinn
Scratches
Brayden McNabb (Healthy)
% Time on Ice - Canucks
Lines # - Real PCT - Wanted PCT - Time Play
Normal Forward
1 - 34% - 40% - 18:15
2 - 27% - 30% - 14:33
3 - 22% - 20% - 11:47
4 - 16% - 10% - 8:35
Normal Defense
1 - 39% - 40% - 20:40
2 - 33% - 30% - 17:22
3 - 23% - 20% - 12:28
4 - 5% - 10% - 2:40
PP Forward
1 - 38% - 60% - 0:24
2 - 62% - 40% - 0:39
PP Defense
1 - 100% - 60% - 1:03
2 - 0% - 40% - 0:00
PK Forward
1 - 63% - 60% - 3:39
2 - 37% - 40% - 2:08
PK Defense
1 - 61% - 60% - 3:31
2 - 39% - 40% - 2:16
PK3 Forward
1 - 0% - 60%
2 - 0% - 40%
PK3 Defense
1 - 0% - 60%
2 - 0% - 40%
44 Forward
1 - 0% - 60%
2 - 0% - 40%
44 Defense
1 - 0% - 60%
2 - 0% - 40%
Last Minute Offensive - 0:00
Last Minute Defensive - 0:00
Total
Forward - 60:00
Defense - 60:00
|
% Time on Ice - Maple Leafs
Lines # - Real PCT - Wanted PCT - Time Play
Normal Forward
1 - 37% - 40% - 19:36
2 - 28% - 30% - 14:56
3 - 22% - 20% - 11:42
4 - 13% - 10% - 6:56
Normal Defense
1 - 39% - 40% - 20:38
2 - 34% - 30% - 17:58
3 - 22% - 20% - 11:50
4 - 5% - 10% - 2:44
PP Forward
1 - 48% - 60% - 2:47
2 - 52% - 40% - 3:00
PP Defense
1 - 77% - 60% - 4:26
2 - 23% - 40% - 1:21
PK Forward
1 - 87% - 60% - 0:55
2 - 13% - 40% - 0:08
PK Defense
1 - 51% - 60% - 0:32
2 - 49% - 40% - 0:31
PK3 Forward
1 - 0% - 60%
2 - 0% - 40%
PK3 Defense
1 - 0% - 60%
2 - 0% - 40%
44 Forward
1 - 0% - 60%
2 - 0% - 40%
44 Defense
1 - 0% - 60%
2 - 0% - 40%
Last Minute Offensive - 0:00
Last Minute Defensive - 0:00
Total
Forward - 60:00
Defense - 60:00
|
Play-by-Play
1st period
0:01 of 1st period - Brayden Schenn wins face-off versus Robert Nilsson in neutral zone.
0:55 of 1st period - Snap shot by Sam Gagner.
0:55 of 1st period - Shot Blocked by Patrice Cormier.
2:00 of 1st period - Off-side.
2:01 of 1st period - Bo Horvat wins face-off versus Derick Brassard in neutral zone.
2:20 of 1st period - Wrist shot by Andre Burakovsky.
2:20 of 1st period - Stopped by Alexandar Georgiev without a rebound.
2:21 of 1st period - Brayden Schenn wins face-off versus Gilbert Brule in Canucks zone.
3:12 of 1st period - Jeremy Morin is hit by Andre Burakovsky and loses puck.
3:33 of 1st period - Snap shot by Brandon Saad.
3:33 of 1st period - Stopped by Alexandar Georgiev without a rebound.
3:34 of 1st period - Luke Adam wins face-off versus Maxim Talbot in Canucks zone.
3:47 of 1st period - Snap shot by Pontus Aberg.
3:47 of 1st period - Stopped by Alexandar Georgiev without a rebound.
3:48 of 1st period - Brayden Schenn wins face-off versus Robert Nilsson in Canucks zone.
4:05 of 1st period - Wrist shot by Matt Duchene.
4:05 of 1st period - Shot Blocked by Robert Nilsson.
4:19 of 1st period - Tye McGinn is hit by Jeremy Morin and loses puck.
5:33 of 1st period - Wrist shot by Gilbert Brule.
5:33 of 1st period - Shot Misses the Net.
5:38 of 1st period - Off-side.
5:39 of 1st period - Artemi Panarin wins face-off versus Bo Horvat in neutral zone.
5:59 of 1st period - Icing by Bo Horvat.
6:00 of 1st period - Bo Horvat wins face-off versus Derick Brassard in Maple Leafs zone.
6:51 of 1st period - Brandon Saad is hit by Maxim Talbot.
6:59 of 1st period - Tyler Myers is hit by Luke Adam and loses puck.
7:23 of 1st period - Minor Penalty to Derick Brassard for Holding.
7:24 of 1st period - Artemi Panarin wins face-off versus Claude Giroux in Canucks zone.
7:36 of 1st period - Wrist shot by Claude Giroux.
7:36 of 1st period - Shot Misses the Net.
8:10 of 1st period - Ben Smith is hit by Matt Duchene and loses puck.
9:19 of 1st period - Bo Horvat is hit by Brandon Gormley and loses puck.
9:23 of 1st period - Penalty to Derick Brassard is over, Derick Brassard is back on ice.
9:40 of 1st period - Jon Merrill is hit by Marcus Johansson and loses puck.
10:03 of 1st period - Slapshot by Chris Tierney.
10:03 of 1st period - Shot Misses the Net.
10:05 of 1st period - Snap shot by Chris Tierney.
10:05 of 1st period - Shot Misses the Net.
10:22 of 1st period - Slapshot by Brad Boyes.
10:22 of 1st period - Goal by Brad Boyes - Canucks : 0 - Maple Leafs : 1.
10:23 of 1st period - Robert Nilsson wins face-off versus Claude Giroux in neutral zone.
10:40 of 1st period - Matt Duchene is hit by Robert Nilsson and loses puck.
10:57 of 1st period - Slapshot by Brandon Gormley.
10:57 of 1st period - Shot Blocked by Chris Tierney.
11:17 of 1st period - Wrist shot by Gilbert Brule.
11:17 of 1st period - Stopped by Kristers Gudlevskis with a rebound.
11:20 of 1st period - Icing by Neal Pionk.
11:21 of 1st period - Robert Nilsson wins face-off versus Patrice Cormier in Maple Leafs zone.
11:44 of 1st period - Wrist shot by Brad Boyes.
11:44 of 1st period - Shot Misses the Net.
11:46 of 1st period - Slapshot by Neal Pionk.
11:46 of 1st period - Shot Misses the Net.
12:10 of 1st period - Wrist shot by Patrice Cormier.
12:10 of 1st period - Stopped by Alexandar Georgiev without a rebound.
12:11 of 1st period - Derick Brassard wins face-off versus Brayden Schenn in Canucks zone.
12:22 of 1st period - Backhand shot by Derick Brassard.
12:22 of 1st period - Shot Blocked by John Klingberg.
12:46 of 1st period - Slapshot by Gilbert Brule.
12:46 of 1st period - Shot Blocked by John Klingberg.
13:02 of 1st period - Snap shot by Maxim Talbot.
13:02 of 1st period - Shot Misses the Net.
13:18 of 1st period - Brandon Saad is hit by Jeremy Morin and loses puck.
14:09 of 1st period - Wrist shot by Andre Burakovsky.
14:09 of 1st period - Stopped by Alexandar Georgiev without a rebound.
14:10 of 1st period - Robert Nilsson wins face-off versus Bo Horvat in Canucks zone.
14:19 of 1st period - Ben Smith is hit by Andre Burakovsky and loses puck.
14:57 of 1st period - Snap shot by Sam Gagner.
14:57 of 1st period - Stopped by Kristers Gudlevskis with a rebound.
15:19 of 1st period - Luke Adam is hit by Artemi Panarin.
15:40 of 1st period - Slapshot by Bo Horvat.
15:40 of 1st period - Shot Blocked by Josh Bailey.
15:42 of 1st period - Wrist shot by Andre Burakovsky.
15:42 of 1st period - Goal by Andre Burakovsky - Canucks : 0 - Maple Leafs : 2.
15:43 of 1st period - Robert Nilsson wins face-off versus Brayden Schenn in neutral zone.
16:09 of 1st period - John Klingberg is hit by Jeremy Morin and loses puck.
16:20 of 1st period - Snap shot by Andre Burakovsky.
16:20 of 1st period - Deflect By Bo Horvat.
16:20 of 1st period - Shot Blocked by Michael Kostka.
16:20 of 1st period - Puck is out of play.
16:21 of 1st period - Brayden Schenn wins face-off versus Gilbert Brule in Canucks zone.
16:22 of 1st period - Wrist shot by Claude Giroux.
16:22 of 1st period - Stopped by Alexandar Georgiev with a rebound.
16:30 of 1st period - Snap shot by Gilbert Brule.
16:30 of 1st period - Shot Misses the Net.
16:32 of 1st period - Snap shot by Sam Gagner.
16:32 of 1st period - Shot Misses the Net.
16:34 of 1st period - Slapshot by Hampus Lindholm.
16:34 of 1st period - Stopped by Kristers Gudlevskis without a rebound.
16:35 of 1st period - Robert Nilsson wins face-off versus Brayden Schenn in Maple Leafs zone.
16:38 of 1st period - Wrist shot by Artemi Panarin.
16:38 of 1st period - Shot Misses the Net.
17:02 of 1st period - Tyler Myers is hit by Bo Horvat.
17:19 of 1st period - Icing by Tyler Myers.
17:20 of 1st period - Brad Boyes wins face-off versus Gilbert Brule in Canucks zone.
17:26 of 1st period - Minor Penalty to Brad Boyes for Elbowing.
17:27 of 1st period - Robert Nilsson wins face-off versus Claude Giroux in Maple Leafs zone.
18:29 of 1st period - Snap shot by Marcus Johansson.
18:29 of 1st period - Goal by Marcus Johansson - Canucks : 1 - Maple Leafs : 2.
18:30 of 1st period - Brayden Schenn wins face-off versus Robert Nilsson in neutral zone.
18:35 of 1st period - Icing by Michael Kostka.
18:36 of 1st period - Brayden Schenn wins face-off versus Robert Nilsson in Canucks zone.
19:39 of 1st period - Icing by Sam Gagner.
19:40 of 1st period - Maxim Talbot wins face-off versus Luke Adam in Canucks zone.
19:40 of 1st period - Maxim Talbot is hit by Pontus Aberg.
Goals for this period are 1 for Canucks vs 2 for Maple Leafs.
Shots for this period are 4 for Canucks vs 8 for Maple Leafs.
2nd period
0:01 of 2nd period - Robert Nilsson wins face-off versus Brayden Schenn in neutral zone.
0:34 of 2nd period - Slapshot by Jeremy Morin.
0:34 of 2nd period - Shot Misses the Net.
1:16 of 2nd period - Artemi Panarin is hit by Patrice Cormier and loses puck.
2:06 of 2nd period - Wrist shot by Patrice Cormier.
2:06 of 2nd period - Stopped by Alexandar Georgiev with a rebound.
2:08 of 2nd period - Snap shot by Tye McGinn.
2:08 of 2nd period - Shot Misses the Net.
2:12 of 2nd period - Snap shot by Tye McGinn.
2:12 of 2nd period - Deflect By Brad Boyes.
2:12 of 2nd period - Shot Misses the Net.
2:12 of 2nd period - Puck is out of play.
2:13 of 2nd period - Derick Brassard wins face-off versus Brayden Schenn in Canucks zone.
2:22 of 2nd period - Wrist shot by Derick Brassard.
2:22 of 2nd period - Stopped by Kristers Gudlevskis with a rebound.
2:24 of 2nd period - Wrist shot by Derick Brassard.
2:24 of 2nd period - Shot Hit the Post.
2:26 of 2nd period - Slapshot by Ben Lovejoy.
2:26 of 2nd period - Shot Blocked by Matt Duchene.
2:28 of 2nd period - Slapshot by Ben Lovejoy.
2:28 of 2nd period - Deflect By Derick Brassard.
2:28 of 2nd period - Goal by Derick Brassard - Canucks : 2 - Maple Leafs : 2.
2:29 of 2nd period - Derick Brassard wins face-off versus Brayden Schenn in neutral zone.
3:30 of 2nd period - Snap shot by Hampus Lindholm.
3:30 of 2nd period - Shot Misses the Net.
4:16 of 2nd period - Slapshot by Matt Duchene.
4:16 of 2nd period - Shot Misses the Net.
4:22 of 2nd period - Josh Bailey is hit by Claude Giroux.
4:26 of 2nd period - Haydn Fleury is hit by Josh Bailey and loses puck.
4:37 of 2nd period - Slapshot by Maxim Talbot.
4:37 of 2nd period - Stopped by Kristers Gudlevskis with a rebound.
4:39 of 2nd period - Slapshot by Josh Bailey.
4:39 of 2nd period - Stopped by Kristers Gudlevskis without a rebound.
4:40 of 2nd period - Andre Burakovsky wins face-off versus Artemi Panarin in Maple Leafs zone.
4:47 of 2nd period - Slapshot by Jon Merrill.
4:47 of 2nd period - Goal by Jon Merrill - Canucks : 2 - Maple Leafs : 3.
4:48 of 2nd period - Robert Nilsson wins face-off versus Bo Horvat in neutral zone.
4:55 of 2nd period - Slapshot by John Klingberg.
4:55 of 2nd period - Shot Misses the Net.
4:57 of 2nd period - Wrist shot by Chris Tierney.
4:57 of 2nd period - Shot Misses the Net.
5:31 of 2nd period - Icing by Derick Brassard.
5:32 of 2nd period - Gilbert Brule wins face-off versus Patrice Cormier in Canucks zone.
5:41 of 2nd period - Slapshot by Gilbert Brule.
5:41 of 2nd period - Deflect By Brad Boyes.
5:41 of 2nd period - Stopped by Kristers Gudlevskis without a rebound.
5:42 of 2nd period - Robert Nilsson wins face-off versus Bo Horvat in Maple Leafs zone.
6:09 of 2nd period - Michael Kostka is hit by John Klingberg and loses puck.
6:42 of 2nd period - Snap shot by Gilbert Brule.
6:42 of 2nd period - Stopped by Kristers Gudlevskis with a rebound.
6:58 of 2nd period - Snap shot by Artemi Panarin.
6:58 of 2nd period - Goal by Artemi Panarin - Canucks : 3 - Maple Leafs : 3.
6:59 of 2nd period - Robert Nilsson wins face-off versus Brayden Schenn in neutral zone.
7:04 of 2nd period - Wrist shot by Artemi Panarin.
7:04 of 2nd period - Stopped by Kristers Gudlevskis without a rebound.
7:05 of 2nd period - Robert Nilsson wins face-off versus Claude Giroux in Maple Leafs zone.
7:08 of 2nd period - Slapshot by Ben Smith.
7:08 of 2nd period - Stopped by Kristers Gudlevskis without a rebound.
7:09 of 2nd period - Brayden Schenn wins face-off versus Robert Nilsson in Maple Leafs zone.
7:09 of 2nd period - Brayden Schenn is hit by Ben Smith.
7:44 of 2nd period - Slapshot by Hampus Lindholm.
7:44 of 2nd period - Stopped by Kristers Gudlevskis with a rebound.
7:46 of 2nd period - Slapshot by Hampus Lindholm.
7:46 of 2nd period - Stopped by Kristers Gudlevskis without a rebound.
7:47 of 2nd period - Bo Horvat wins face-off versus Derick Brassard in Maple Leafs zone.
7:56 of 2nd period - Brandon Gormley is hit by Andre Burakovsky and loses puck.
8:15 of 2nd period - Icing by Nick Ritchie.
8:16 of 2nd period - Patrice Cormier wins face-off versus Gilbert Brule in Canucks zone.
8:57 of 2nd period - Jon Merrill is hit by Ben Smith and loses puck.
9:07 of 2nd period - Icing by Ben Smith.
9:08 of 2nd period - Brayden Schenn wins face-off versus Robert Nilsson in Canucks zone.
9:15 of 2nd period - Wrist shot by Matt Duchene.
9:15 of 2nd period - Stopped by Alexandar Georgiev with a rebound.
9:45 of 2nd period - Slapshot by Zach Werenski.
9:45 of 2nd period - Shot Misses the Net.
10:24 of 2nd period - Slapshot by Maxim Talbot.
10:24 of 2nd period - Shot Misses the Net.
10:26 of 2nd period - Slapshot by Tyler Myers.
10:26 of 2nd period - Stopped by Kristers Gudlevskis with a rebound.
10:28 of 2nd period - Snap shot by Hampus Lindholm.
10:28 of 2nd period - Shot Blocked by Chris Tierney.
10:38 of 2nd period - Matt Duchene is hit by Hampus Lindholm.
10:46 of 2nd period - Slapshot by John Klingberg.
10:46 of 2nd period - Stopped by Alexandar Georgiev without a rebound.
10:47 of 2nd period - Brayden Schenn wins face-off versus Robert Nilsson in Canucks zone.
11:14 of 2nd period - Andre Burakovsky is hit by Marcus Johansson and loses puck.
11:39 of 2nd period - Wrist shot by Brad Boyes.
11:39 of 2nd period - Shot Misses the Net.
12:09 of 2nd period - Snap shot by Luke Adam.
12:09 of 2nd period - Shot Misses the Net.
12:43 of 2nd period - Wrist shot by Bo Horvat.
12:43 of 2nd period - Stopped by Alexandar Georgiev with a rebound.
12:45 of 2nd period - Snap shot by Andre Burakovsky.
12:45 of 2nd period - Stopped by Alexandar Georgiev with a rebound.
12:47 of 2nd period - Slapshot by Braydon Coburn.
12:47 of 2nd period - Shot Blocked by Brandon Gormley.
12:49 of 2nd period - Snap shot by Andre Burakovsky.
12:49 of 2nd period - Shot Misses the Net.
13:20 of 2nd period - Brandon Gormley is hit by Pontus Aberg and loses puck.
13:46 of 2nd period - Backhand shot by Brayden Schenn.
13:46 of 2nd period - Stopped by Alexandar Georgiev with a rebound.
13:52 of 2nd period - Ben Smith is hit by Matt Duchene and loses puck.
14:07 of 2nd period - Snap shot by Derick Brassard.
14:07 of 2nd period - Shot Misses the Net.
14:09 of 2nd period - Slapshot by Hampus Lindholm.
14:09 of 2nd period - Stopped by Kristers Gudlevskis with a rebound.
14:13 of 2nd period - Slapshot by Derick Brassard.
14:13 of 2nd period - Stopped by Kristers Gudlevskis without a rebound.
14:14 of 2nd period - Derick Brassard wins face-off versus Bo Horvat in Maple Leafs zone.
15:19 of 2nd period - Brandon Burlon is hit by Pontus Aberg and loses puck.
15:36 of 2nd period - Brayden Schenn is hit by Ben Smith and loses puck.
15:45 of 2nd period - Wrist shot by Claude Giroux.
15:45 of 2nd period - Stopped by Alexandar Georgiev without a rebound.
15:46 of 2nd period - Bo Horvat wins face-off versus Gilbert Brule in Canucks zone.
15:59 of 2nd period - Wrist shot by Bo Horvat.
15:59 of 2nd period - Shot Misses the Net.
16:01 of 2nd period - Snap shot by Andre Burakovsky.
16:01 of 2nd period - Deflect By Tyler Myers.
16:01 of 2nd period - Shot Blocked by Tyler Myers.
16:01 of 2nd period - Puck is out of play.
16:02 of 2nd period - Brayden Schenn wins face-off versus Robert Nilsson in Canucks zone.
16:03 of 2nd period - Snap shot by Matt Duchene.
16:03 of 2nd period - Shot Misses the Net.
16:55 of 2nd period - Snap shot by Matt Duchene.
16:55 of 2nd period - Shot Misses the Net.
17:51 of 2nd period - Wrist shot by Gilbert Brule.
17:51 of 2nd period - Stopped by Kristers Gudlevskis without a rebound.
17:52 of 2nd period - Bo Horvat wins face-off versus Robert Nilsson in Maple Leafs zone.
17:57 of 2nd period - Slapshot by John Klingberg.
17:57 of 2nd period - Shot Blocked by Ben Smith.
17:59 of 2nd period - Slapshot by Jon Merrill.
17:59 of 2nd period - Shot Blocked by Michael Kostka.
18:01 of 2nd period - Snap shot by Bo Horvat.
18:01 of 2nd period - Shot Misses the Net.
18:03 of 2nd period - Slapshot by Andre Burakovsky.
18:03 of 2nd period - Shot Misses the Net.
18:05 of 2nd period - Wrist shot by Bo Horvat.
18:05 of 2nd period - Goal by Bo Horvat - Canucks : 3 - Maple Leafs : 4.
18:06 of 2nd period - Bo Horvat wins face-off versus Robert Nilsson in neutral zone.
18:40 of 2nd period - Snap shot by Jeremy Morin.
18:40 of 2nd period - Deflect By Derick Brassard.
18:40 of 2nd period - Stopped by Kristers Gudlevskis without a rebound.
18:41 of 2nd period - Derick Brassard wins face-off versus Bo Horvat in Maple Leafs zone.
18:54 of 2nd period - Snap shot by Derick Brassard.
18:54 of 2nd period - Shot Misses the Net.
19:03 of 2nd period - Minor Penalty to Marcus Johansson for Hooking.
19:04 of 2nd period - Robert Nilsson wins face-off versus Brayden Schenn in Canucks zone.
19:13 of 2nd period - Backhand shot by Jon Merrill.
19:13 of 2nd period - Shot Misses the Net.
19:31 of 2nd period - Hampus Lindholm is hit by Tye McGinn and loses puck.
Goals for this period are 2 for Canucks vs 2 for Maple Leafs.
Shots for this period are 16 for Canucks vs 9 for Maple Leafs.
3rd period
0:01 of 3rd period - Brayden Schenn wins face-off versus Artemi Panarin in neutral zone.
0:38 of 3rd period - Wrist shot by Andre Burakovsky.
0:38 of 3rd period - Stopped by Alexandar Georgiev with a rebound.
1:03 of 3rd period - Penalty to Marcus Johansson is over, Marcus Johansson is back on ice.
1:47 of 3rd period - Snap shot by Maxim Talbot.
1:47 of 3rd period - Shot Misses the Net.
2:29 of 3rd period - Snap shot by Claude Giroux.
2:29 of 3rd period - Stopped by Alexandar Georgiev without a rebound.
2:30 of 3rd period - Maxim Talbot wins face-off versus Brayden Schenn in Canucks zone.
2:35 of 3rd period - Slapshot by Ben Lovejoy.
2:35 of 3rd period - Stopped by Kristers Gudlevskis without a rebound.
2:36 of 3rd period - Brayden Schenn wins face-off versus Artemi Panarin in Maple Leafs zone.
3:29 of 3rd period - Slapshot by John Klingberg.
3:29 of 3rd period - Stopped by Alexandar Georgiev with a rebound.
3:31 of 3rd period - Snap shot by Luke Adam.
3:31 of 3rd period - Shot Blocked by Tyler Myers.
3:33 of 3rd period - Snap shot by Pontus Aberg.
3:33 of 3rd period - Shot Misses the Net.
3:35 of 3rd period - Snap shot by Pontus Aberg.
3:35 of 3rd period - Shot Misses the Net.
4:32 of 3rd period - Off-side.
4:33 of 3rd period - Bo Horvat wins face-off versus Derick Brassard in neutral zone.
4:38 of 3rd period - Slapshot by Neal Pionk.
4:38 of 3rd period - Shot Blocked by Ben Lovejoy.
5:18 of 3rd period - Minor Penalty to Ben Lovejoy for Hooking.
5:19 of 3rd period - Artemi Panarin wins face-off versus Brayden Schenn in Canucks zone.
5:28 of 3rd period - Wrist shot by Robert Nilsson.
5:28 of 3rd period - Shot Blocked by Brayden Schenn.
5:30 of 3rd period - Snap shot by Hampus Lindholm.
5:30 of 3rd period - Shot Misses the Net.
6:00 of 3rd period - Icing by Jon Merrill.
6:01 of 3rd period - Derick Brassard wins face-off versus Bo Horvat in Maple Leafs zone.
6:46 of 3rd period - Snap shot by Tye McGinn.
6:46 of 3rd period - Stopped by Alexandar Georgiev with a rebound.
6:48 of 3rd period - Wrist shot by Andre Burakovsky.
6:48 of 3rd period - Shot Blocked by Hampus Lindholm.
6:50 of 3rd period - Snap shot by Bo Horvat.
6:50 of 3rd period - Shot Blocked by Hampus Lindholm.
6:52 of 3rd period - Snap shot by John Klingberg.
6:52 of 3rd period - Deflect By Hampus Lindholm.
6:52 of 3rd period - Goal by John Klingberg - Canucks : 3 - Maple Leafs : 5.
6:52 of 3rd period - Matt Hackett enters game.
6:53 of 3rd period - Brayden Schenn wins face-off versus Gilbert Brule in neutral zone.
7:02 of 3rd period - Wrist shot by Claude Giroux.
7:02 of 3rd period - Shot Blocked by Brandon Gormley.
7:26 of 3rd period - Slapshot by Josh Bailey.
7:26 of 3rd period - Deflect By Braydon Coburn.
7:26 of 3rd period - Shot Misses the Net.
7:26 of 3rd period - Puck is out of play.
7:27 of 3rd period - Maxim Talbot wins face-off versus Bo Horvat in Maple Leafs zone.
7:58 of 3rd period - Slapshot by John Klingberg.
7:58 of 3rd period - Stopped by Matt Hackett without a rebound.
7:59 of 3rd period - Brayden Schenn wins face-off versus Robert Nilsson in Canucks zone.
8:06 of 3rd period - Wrist shot by Matt Duchene.
8:06 of 3rd period - Shot Blocked by Brandon Burlon.
8:14 of 3rd period - Snap shot by Claude Giroux.
8:14 of 3rd period - Shot Misses the Net.
8:16 of 3rd period - Snap shot by Claude Giroux.
8:16 of 3rd period - Shot Misses the Net.
8:30 of 3rd period - Wrist shot by Patrice Cormier.
8:30 of 3rd period - Stopped by Matt Hackett with a rebound.
8:32 of 3rd period - Slapshot by Tye McGinn.
8:32 of 3rd period - Shot Misses the Net.
8:34 of 3rd period - Slapshot by Jon Merrill.
8:34 of 3rd period - Shot Misses the Net.
8:52 of 3rd period - Icing by Hampus Lindholm.
8:53 of 3rd period - Gilbert Brule wins face-off versus Brayden Schenn in Canucks zone.
9:10 of 3rd period - Slapshot by Nick Ritchie.
9:10 of 3rd period - Shot Misses the Net.
9:12 of 3rd period - Snap shot by Gilbert Brule.
9:12 of 3rd period - Deflect By Sam Gagner.
9:12 of 3rd period - Stopped by Kristers Gudlevskis without a rebound.
9:13 of 3rd period - Bo Horvat wins face-off versus Robert Nilsson in Maple Leafs zone.
9:24 of 3rd period - Snap shot by Chris Tierney.
9:24 of 3rd period - Shot Blocked by Robert Nilsson.
9:26 of 3rd period - Wrist shot by Andre Burakovsky.
9:26 of 3rd period - Shot Misses the Net.
9:28 of 3rd period - Wrist shot by Andre Burakovsky.
9:28 of 3rd period - Stopped by Matt Hackett with a rebound.
9:46 of 3rd period - Wrist shot by Tye McGinn.
9:46 of 3rd period - Stopped by Matt Hackett without a rebound.
9:47 of 3rd period - Patrice Cormier wins face-off versus Derick Brassard in Canucks zone.
10:02 of 3rd period - Wrist shot by Tye McGinn.
10:02 of 3rd period - Stopped by Matt Hackett without a rebound.
10:03 of 3rd period - Robert Nilsson wins face-off versus Brayden Schenn in Canucks zone.
10:10 of 3rd period - John Klingberg is hit by Hampus Lindholm and loses puck.
10:29 of 3rd period - Andre Burakovsky is hit by Hampus Lindholm and loses puck.
10:43 of 3rd period - Minor Penalty to Tyler Myers for Holding.
10:44 of 3rd period - Artemi Panarin wins face-off versus Brayden Schenn in Canucks zone.
10:48 of 3rd period - Snap shot by Brandon Burlon.
10:48 of 3rd period - Stopped by Kristers Gudlevskis without a rebound.
10:49 of 3rd period - Brayden Schenn wins face-off versus Artemi Panarin in Maple Leafs zone.
10:58 of 3rd period - Snap shot by Claude Giroux.
10:58 of 3rd period - Deflect By Matt Duchene.
10:58 of 3rd period - Goal by Matt Duchene - Canucks : 3 - Maple Leafs : 6.
10:59 of 3rd period - Brayden Schenn wins face-off versus Robert Nilsson in neutral zone.
11:26 of 3rd period - Slapshot by Zach Werenski.
11:26 of 3rd period - Stopped by Matt Hackett with a rebound.
11:28 of 3rd period - Slapshot by Zach Werenski.
11:28 of 3rd period - Shot Misses the Net.
11:30 of 3rd period - Snap shot by Brad Boyes.
11:30 of 3rd period - Stopped by Matt Hackett without a rebound.
11:31 of 3rd period - Derick Brassard wins face-off versus Tye McGinn in Canucks zone.
11:35 of 3rd period - Brandon Gormley is hit by Brad Boyes and loses puck.
11:44 of 3rd period - Wrist shot by Tye McGinn.
11:44 of 3rd period - Goal by Tye McGinn - Canucks : 3 - Maple Leafs : 7.
11:45 of 3rd period - Ben Smith wins face-off versus Brayden Schenn in neutral zone.
13:03 of 3rd period - Snap shot by Maxim Talbot.
13:03 of 3rd period - Deflect By Luke Adam.
13:03 of 3rd period - Shot Misses the Net.
13:03 of 3rd period - Puck is out of play.
13:04 of 3rd period - Robert Nilsson wins face-off versus Claude Giroux in Maple Leafs zone.
13:19 of 3rd period - Wrist shot by Brayden Schenn.
13:19 of 3rd period - Shot Misses the Net.
13:54 of 3rd period - Wrist shot by Pontus Aberg.
13:54 of 3rd period - Stopped by Matt Hackett without a rebound.
13:55 of 3rd period - Gilbert Brule wins face-off versus Luke Adam in Canucks zone.
14:50 of 3rd period - Off-side.
14:51 of 3rd period - Brayden Schenn wins face-off versus Derick Brassard in neutral zone.
15:18 of 3rd period - Robert Nilsson is hit by Bo Horvat and loses puck.
16:09 of 3rd period - Snap shot by Matt Duchene.
16:09 of 3rd period - Shot Misses the Net.
16:11 of 3rd period - Slapshot by Neal Pionk.
16:11 of 3rd period - Shot Misses the Net.
16:13 of 3rd period - Wrist shot by Neal Pionk.
16:13 of 3rd period - Stopped by Matt Hackett without a rebound.
16:14 of 3rd period - Robert Nilsson wins face-off versus Brayden Schenn in Canucks zone.
16:27 of 3rd period - Slapshot by Matt Duchene.
16:27 of 3rd period - Stopped by Matt Hackett without a rebound.
16:28 of 3rd period - Brayden Schenn wins face-off versus Ben Smith in Canucks zone.
16:35 of 3rd period - John Klingberg is hit by Robert Nilsson and loses puck.
17:03 of 3rd period - Wrist shot by Robert Nilsson.
17:03 of 3rd period - Shot Misses the Net.
17:05 of 3rd period - Slapshot by Ben Smith.
17:05 of 3rd period - Shot Misses the Net.
17:07 of 3rd period - Snap shot by Robert Nilsson.
17:07 of 3rd period - Stopped by Kristers Gudlevskis without a rebound.
17:08 of 3rd period - Brayden Schenn wins face-off versus Derick Brassard in Maple Leafs zone.
17:35 of 3rd period - Zach Werenski is hit by Sam Gagner and loses puck.
17:42 of 3rd period - Wrist shot by Nick Ritchie.
17:42 of 3rd period - Stopped by Kristers Gudlevskis without a rebound.
17:43 of 3rd period - Bo Horvat wins face-off versus Robert Nilsson in Maple Leafs zone.
17:43 of 3rd period - Bo Horvat is hit by Brandon Gormley.
17:50 of 3rd period - Snap shot by Bo Horvat.
17:50 of 3rd period - Shot Blocked by Ben Smith.
17:52 of 3rd period - Snap shot by Bo Horvat.
17:52 of 3rd period - Goal by Bo Horvat - Canucks : 3 - Maple Leafs : 8.
17:53 of 3rd period - Robert Nilsson wins face-off versus Brayden Schenn in neutral zone.
17:58 of 3rd period - Snap shot by Artemi Panarin.
17:58 of 3rd period - Stopped by Kristers Gudlevskis without a rebound.
17:59 of 3rd period - Claude Giroux wins face-off versus Robert Nilsson in Maple Leafs zone.
19:00 of 3rd period - Snap shot by Sam Gagner.
19:00 of 3rd period - Shot Misses the Net.
19:10 of 3rd period - Brandon Gormley is hit by Luke Adam and loses puck.
19:18 of 3rd period - Icing by Michael Kostka.
19:19 of 3rd period - Maxim Talbot wins face-off versus Brayden Schenn in Canucks zone.
19:28 of 3rd period - Slapshot by Andreas Martinsen.
19:28 of 3rd period - Stopped by Kristers Gudlevskis with a rebound.
19:56 of 3rd period - Snap shot by Robert Nilsson.
19:56 of 3rd period - Shot Misses the Net.
Goals for this period are 0 for Canucks vs 4 for Maple Leafs.
Shots for this period are 7 for Canucks vs 18 for Maple Leafs.